 Dungeon Sprint DCSS version 0.28.0-45-g0d030f2227 (webtiles) character file.

Game seed: 12867965392501876397

30400000 protoss039 the Shapeless Ghoul (level 27, 198/273 HPs)
             Began as a Ghoul Wanderer on May 15, 2022.
             Was the Champion of Makhleb.
             Escaped with the Orb!
             The game lasted 00:07:59 (152 turns).

protoss039 the Shapeless Ghoul (Ghoul Wanderer)      Turns: 152, Time: 00:07:59

Health: 198/273    AC:  6    Str: 31    XL:     27
Magic:  41/53      EV: 17    Int:  8    God:    Makhleb [******]
Gold:   0          SH:  0    Dex:  6    Spells: 80/80 levels left

rFire   . . .      SeeInvis .   i - +∞ Axe of Woe
rCold   + . .      Faith    .   (shield currently unavailable)
rNeg    + + +      Spirit   .   b - +0 leather armour
rPois   ∞          Reflect  .   (no helmet)
rElec   .          Harm     .   (no cloak)
rCorr   .          Rampage  .   (no gloves)
Will    ++...      NoTele   +   (no boots)
Stlth   +++.......              (no amulet)
HPRegen 0.00/turn               j - +250 ring of slaying
MPRegen 0.33/turn               k - +250 ring of slaying

@: inhibited regen, hasted and slowed
A: claws 1, cold resistance 1, negative energy resistance 3, inhibited
regeneration, torment resistance 2
0: Orb of Zot
a: Renounce Religion, Minor Destruction, Lesser Servant of Makhleb, Major
Destruction, Greater Servant of Makhleb


You escaped.
You worshipped Makhleb.
Makhleb was exalted by your worship.
You visited 1 branch

Inventory:

Hand Weapons
 a - a +0 club
 i - the +∞ Axe of Woe (weapon)
   (You found it in the Dungeon)
Armour
 b - a +0 leather armour (worn)
Jewellery
 j - a +250 ring of slaying (left claw)
 k - a +250 ring of slaying (right claw)
Wands
 c - a wand of flame (3) (quivered)
Potions
 d - a potion of curing
 e - a potion of heal wounds
 g - 2 potions of magic


   Skills:
 O Level 27 Fighting
 O Level 27 Short Blades
 O Level 27 Long Blades
 O Level 27 Axes
 O Level 27 Maces & Flails
 O Level 27 Polearms
 O Level 27 Staves
 O Level 27 Slings
 O Level 27 Bows
 O Level 27 Crossbows
 O Level 27 Throwing
 O Level 27 Armour
 O Level 27 Dodging
 O Level 27 Stealth
 O Level 27 Shields
 O Level 27 Unarmed Combat
 O Level 27 Spellcasting
 O Level 27 Conjurations
 O Level 27 Hexes
 O Level 27 Summonings
 O Level 27 Necromancy
 O Level 27 Translocations
 O Level 27 Transmutations
 O Level 27 Fire Magic
 O Level 27 Ice Magic
 O Level 27 Air Magic
 O Level 27 Earth Magic
 O Level 27 Poison Magic
 O Level 27 Invocations
 O Level 27 Evocations


You had 80 spell levels left.
You didn't know any spells.
Your spell library contained the following spells:

 Spells                   Type           Power      Damage    Failure   Level
 Sting                    Tmut/Pois      100%       1d8       0%          1
 Summon Small Mammal      Summ           100%       N/A       0%          1
 Call Imp                 Summ           52%        N/A       0%          2
 Ignite Poison            Fire/Tmut/Pois 52%        N/A       0%          3
 Summon Guardian Golem    Hex/Summ       52%        N/A       0%          3


Dungeon Overview and Level Annotations

Branches:
Dungeon (1/1)

Altars:
Makhleb


Innate Abilities, Weirdness & Mutations

You thrive by killing the living.
You are immune to poison.
You have sharp fingernails.
Your flesh is cold resistant. (rC+)
You are immune to negative energy. (rN+++)
You do not regenerate when monsters are visible.
You are immune to unholy pain and torment.


Message History

Press < or > to pray at altars.
Unknown command.
Press < or > to pray at altars.
Unknown command.
Press < or > to pray at altars.
Blink to where?
Press: ? - help, Dir - move target A bag of meat, a meat berserker, an eight-headed meat hydra and 3 fleshlords come into view.
As you read the scroll of blinking, it crumbles to dust.
The dread appears out of thin air!
A dread comes into view.
The bag of meat shouts!
The fleshlord shouts!
The meat berserker shouts!
The fleshlord shouts!
You hear a shout!
A meat berserker comes into view. It is wielding a +9 battleaxe.
You hear a shout!
A meat berserker comes into view. It is wielding a +9 battleaxe.
A destroyer comes into view. It is wielding a +9 vorpal great sword.
A meat beast comes into view.
A destroyer comes into view. It is wielding a +9 vorpal great sword.
A fleshlord comes into view. It is wielding a +9 great mace.
A bag of meat comes into view. It is wielding a +9 war axe.
The fleshlord moves out of view.
Unknown command.
Unknown command.
Unknown command.
Unknown command.
Unknown command.
The large abomination completely misses you.
The fleshlord mumbles some strange words.
The fleshlord seems to speed up.
You hear a shout!
The destroyer casts a spell at you.
The destroyer blinks!
You hear a shout!
The tentacled monstrosity tentacle-slaps you! x2
The tentacled monstrosity tentacle-slaps you but does no damage.
The tentacled monstrosity barely misses you.
The bag of meat hits you with a +9 war axe!!!
You hear a shout! x2; You hear an angry hiss.
You hear a shout!
You have escaped!

........p #..X ...#
. #..o .po# ....
oo###.W. ...###o...
......###..O.2p...
......_..D..S.... .
#))2..#....... ...
#_X@D_#...o...
.....#)Xo))#)..L..#
......)L§))X)OXX...
z......###)V..V....
..###....))p###....
. #.....o.# ...
#.......# V
........§p
...........


You could see a tentacled monstrosity (summoned), 2 meat beasts, a tyrant, 2
eight-headed meat hydras, 2 destroyers, 5 fleshlords, a large bag of meat (inner
flame), 2 large abominations, a dread, a meat berserker (berserk) and 5 bags of
meat.

Vanquished Creatures
  Dispater (D)
  7 hell knights (D)
  9 hell beasts (D)
  5 royal mummies (D)
  4 great orbs of eyes (D)
  6 wraiths (D)
  Harold (D)
  21 vampire knights (D)
  43 ogres (D)
  3 two-headed ogres (D)
  8 liches (D)
  4 hydras (D)
  62 orcs (D)
  4 phantoms (D)
  9 skeletal warriors (D)
  9 sea snakes (D)
196 creatures vanquished.

Notes
Turn   | Place    | Note
-------+----------+-------------------------------------------
     0 | D        | Found the +∞ Axe of Woe
     0 | D        | protoss039 the Ghoul Wanderer began the quest for the Orb.
     0 | D        | protoss039 set off with the following items: a +0 club, a
                  | +0 leather armour, a wand of flame (3), a potion of curing,
                  | a potion of heal wounds, a potion of haste, 2 potions of
                  | magic, a scroll of blinking; and the following spells
                  | available to memorise: Sting, Summon Small Mammal, Call
                  | Imp, Ignite Poison, Summon Guardian Golem
     0 | D        | Reached XP level 1. HP: 14/14 MP: 1/1
     2 | D        | Noticed a bag of meat
     3 | D        | Noticed a meat berserker
     3 | D        | Noticed a bag of meat
     4 | D        | Became a worshipper of Makhleb the Destroyer
     4 | D        | Noticed a bag of meat
     4 | D        | Noticed a bag of meat
     5 | D        | Noticed a bag of meat
     5 | D        | Noticed a bag of meat
     5 | D        | Noticed a meat berserker
     6 | D        | Killed a meat berserker
     6 | D        | Noticed a meat berserker
     7 | D        | Reached XP level 2. HP: 26/26 MP: 1/4
     7 | D        | Reached XP level 3. HP: 31/31 MP: 1/5
     7 | D        | Reached XP level 4. HP: 38/38 MP: 1/6
     7 | D        | Reached XP level 5. HP: 45/45 MP: 1/7
     7 | D        | Reached XP level 6. HP: 51/51 MP: 1/8
     7 | D        | Reached XP level 7. HP: 57/57 MP: 1/9
     7 | D        | Reached XP level 8. HP: 63/63 MP: 1/10
     7 | D        | Reached XP level 9. HP: 69/69 MP: 1/11
     7 | D        | Reached XP level 10. HP: 77/77 MP: 1/12
     7 | D        | Reached XP level 11. HP: 82/82 MP: 1/13
     7 | D        | Reached XP level 12. HP: 89/89 MP: 1/14
     7 | D        | Killed a bag of meat
     7 | D        | Reached * piety under Makhleb
     7 | D        | Noticed a meat berserker
     7 | D        | Noticed a bag of meat
     8 | D        | Reached skill level 5 in Axes
     8 | D        | Reached skill level 5 in Invocations
     8 | D        | Killed a meat berserker
     8 | D        | Killed a bag of meat
     9 | D        | Reached skill level 10 in Dodging
     9 | D        | Reached skill level 27 in Transmutations
     9 | D        | Reached skill level 10 in Invocations
     9 | D        | Reached XP level 13. HP: 78/116 MP: 1/19
     9 | D        | Reached XP level 14. HP: 84/124 MP: 1/20
     9 | D        | Killed a bag of meat
     9 | D        | Reached ** piety under Makhleb
     9 | D        | Killed a bag of meat
     9 | D        | Noticed a meat berserker
     9 | D        | Noticed a bag of meat
     9 | D        | Noticed a bag of meat
    10 | D        | Reached skill level 1 in Armour
    10 | D        | Reached skill level 10 in Evocations
    10 | D        | Killed a meat berserker
    10 | D        | Killed a meat berserker
    10 | D        | Reached *** piety under Makhleb
    10 | D        | Killed a bag of meat
    11 | D        | Reached skill level 15 in Dodging
    11 | D        | Reached skill level 10 in Summonings
    11 | D        | Reached XP level 15. HP: 148/148 MP: 1/27
    11 | D        | Killed a meat berserker
    11 | D        | Reached **** piety under Makhleb
    12 | D        | Reached XP level 16. HP: 162/162 MP: 2/29
    13 | D        | Noticed a meat berserker
    13 | D        | Noticed a meat berserker
    14 | D        | Reached ***** piety under Makhleb
    14 | D        | Noticed a large bag of meat
    15 | D        | Reached XP level 17. HP: 173/173 MP: 2/30
    15 | D        | Noticed a meat berserker
    15 | D        | Noticed a meat berserker
    16 | D        | Noticed a meat berserker
    17 | D        | Killed a meat berserker
    17 | D        | Noticed a meat berserker
    18 | D        | Killed a meat berserker
    19 | D        | Reached XP level 18. HP: 192/192 MP: 3/33
    20 | D        | Reached skill level 5 in Armour
    20 | D        | Killed a meat berserker
    20 | D        | Reached ****** piety under Makhleb
    20 | D        | Noticed a meat berserker
    21 | D        | Reached skill level 27 in Invocations
    21 | D        | Killed a meat berserker
    22 | D        | Reached skill level 27 in Fighting
    22 | D        | Reached XP level 19. HP: 207/207 MP: 4/35
    22 | D        | Killed a large bag of meat
    23 | D        | Reached skill level 27 in Axes
    23 | D        | Reached skill level 27 in Dodging
    23 | D        | Reached skill level 15 in Evocations
    23 | D        | Killed a meat berserker
    23 | D        | Noticed a destroyer
    23 | D        | Noticed a meat berserker
    24 | D        | Killed a meat berserker
    25 | D        | Reached XP level 20. HP: 208/216 MP: 4/36
    26 | D        | Noticed a meat berserker
    27 | D        | Noticed a meat berserker
    27 | D        | Killed a meat berserker
    29 | D        | Reached skill level 15 in Armour
    29 | D        | Killed a destroyer
    29 | D        | Noticed The Servant
    30 | D        | Reached skill level 10 in Spellcasting
    30 | D        | Reached XP level 21. HP: 224/224 MP: 5/37
    31 | D        | Reached skill level 27 in Evocations
    31 | D        | Killed a meat berserker
    32 | D        | Reached skill level 27 in Summonings
    32 | D        | Noticed a meat berserker
    33 | D        | Noticed a large bag of meat
    33 | D        | Killed a meat berserker
    33 | D        | Noticed a destroyer
    33 | D        | Noticed a meat berserker
    34 | D        | Reached skill level 15 in Spellcasting
    34 | D        | Killed a meat berserker
    34 | D        | Noticed a destroyer
    34 | D        | Noticed a destroyer
    34 | D        | Noticed a large bag of meat
    35 | D        | Noticed a destroyer
    35 | D        | Noticed a meat berserker
    38 | D        | Noticed a destroyer
    39 | D        | Reached skill level 27 in Armour
    39 | D        | Reached XP level 22. HP: 233/233 MP: 7/43
    40 | D        | Killed The Servant
    40 | D        | Noticed a destroyer
    41 | D        | Reached skill level 27 in Spellcasting
    41 | D        | Killed a destroyer
    42 | D        | Reached skill level 5 in Unarmed Combat
    42 | D        | Reached skill level 5 in Necromancy
    42 | D        | Reached skill level 5 in Ice Magic
    42 | D        | Reached skill level 5 in Earth Magic
    42 | D        | Reached skill level 5 in Poison Magic
    42 | D        | Killed a destroyer
    42 | D        | Killed a destroyer
    42 | D        | Noticed a destroyer
    42 | D        | Noticed a destroyer
    43 | D        | Reached skill level 10 in Stealth
    43 | D        | Reached skill level 10 in Unarmed Combat
    43 | D        | Reached skill level 10 in Ice Magic
    43 | D        | Reached skill level 10 in Earth Magic
    43 | D        | Reached XP level 23. HP: 240/240 MP: 8/53
    43 | D        | Killed a destroyer
    43 | D        | Killed a large bag of meat
    43 | D        | Noticed a destroyer
    44 | D        | Reached skill level 10 in Short Blades
    44 | D        | Reached skill level 10 in Bows
    44 | D        | Reached skill level 10 in Crossbows
    44 | D        | Reached skill level 10 in Throwing
    44 | D        | Reached skill level 10 in Shields
    44 | D        | Reached skill level 10 in Translocations
    44 | D        | Reached XP level 24. HP: 195/249 MP: 8/53
    44 | D        | Killed a destroyer
    45 | D        | Killed a destroyer
    46 | D        | Reached skill level 10 in Long Blades
    46 | D        | Reached skill level 10 in Maces & Flails
    46 | D        | Reached skill level 10 in Polearms
    46 | D        | Reached skill level 10 in Staves
    46 | D        | Reached skill level 10 in Slings
    46 | D        | Reached skill level 10 in Conjurations
    46 | D        | Reached skill level 10 in Hexes
    46 | D        | Reached skill level 10 in Fire Magic
    46 | D        | Reached skill level 10 in Air Magic
    47 | D        | Killed a destroyer
    47 | D        | Noticed a destroyer
    49 | D        | Reached skill level 27 in Stealth
    49 | D        | Reached XP level 25. HP: 257/257 MP: 9/53
    52 | D        | Killed a destroyer
    53 | D        | Reached skill level 15 in Unarmed Combat
    53 | D        | Reached skill level 15 in Ice Magic
    53 | D        | Reached skill level 15 in Earth Magic
    55 | D        | Reached skill level 15 in Necromancy
    55 | D        | Reached skill level 15 in Poison Magic
    56 | D        | Killed a large bag of meat
    57 | D        | Reached XP level 26. HP: 86/266 MP: 12/53
    57 | D        | Noticed a meat beast
    57 | D        | Noticed a tyrant
    57 | D        | Noticed a destroyer
    59 | D        | Killed a destroyer
    60 | D        | Reached skill level 15 in Short Blades
    60 | D        | Reached skill level 15 in Bows
    60 | D        | Reached skill level 15 in Crossbows
    60 | D        | Reached skill level 15 in Throwing
    60 | D        | Reached skill level 15 in Shields
    60 | D        | Reached skill level 15 in Translocations
    60 | D        | Killed a meat beast
    60 | D        | Noticed a destroyer
    61 | D        | Reached skill level 15 in Long Blades
    61 | D        | Reached skill level 15 in Maces & Flails
    61 | D        | Reached skill level 15 in Polearms
    61 | D        | Reached skill level 15 in Staves
    61 | D        | Reached skill level 15 in Slings
    61 | D        | Reached skill level 15 in Conjurations
    61 | D        | Reached skill level 15 in Hexes
    61 | D        | Reached skill level 15 in Fire Magic
    61 | D        | Reached skill level 15 in Air Magic
    61 | D        | Reached XP level 27. HP: 273/273 MP: 13/53
    62 | D        | Noticed a tyrant
    65 | D        | Killed a destroyer
    65 | D        | Noticed a tyrant
    67 | D        | Killed a tyrant
    67 | D        | Killed a destroyer
    67 | D        | Noticed a destroyer
    68 | D        | Noticed a dread
    69 | D        | Noticed a meat beast
    70 | D        | Killed a destroyer
    72 | D        | Noticed a meat beast
    73 | D        | Killed a meat beast
    73 | D        | Noticed a tyrant
    73 | D        | Noticed a meat beast
    76 | D        | Noticed a meat beast
    78 | D        | Killed a meat beast
    78 | D        | Noticed a destroyer
    80 | D        | Killed a tyrant
    80 | D        | Killed a dread
    80 | D        | Killed a destroyer
    80 | D        | Killed a tyrant
    80 | D        | Noticed a dread
    84 | D        | Killed a tyrant
    84 | D        | Killed a meat beast
    85 | D        | Reached skill level 27 in Unarmed Combat
    85 | D        | Reached skill level 27 in Ice Magic
    85 | D        | Reached skill level 27 in Earth Magic
    85 | D        | Noticed a meat beast
    85 | D        | Noticed a tyrant
    88 | D        | Killed a meat beast
    88 | D        | Noticed a tyrant
    89 | D        | Killed a meat beast
    90 | D        | Reached skill level 27 in Necromancy
    90 | D        | Reached skill level 27 in Poison Magic
    90 | D        | Noticed a dread
    91 | D        | Killed a dread
    92 | D        | Noticed an accursed
    95 | D        | Killed a tyrant
    96 | D        | Reached skill level 27 in Short Blades
    96 | D        | Reached skill level 27 in Slings
    96 | D        | Reached skill level 27 in Bows
    96 | D        | Reached skill level 27 in Crossbows
    96 | D        | Reached skill level 27 in Throwing
    96 | D        | Reached skill level 27 in Shields
    96 | D        | Reached skill level 27 in Translocations
    96 | D        | Noticed an accursed
    96 | D        | Killed a tyrant
    96 | D        | Noticed a tyrant
    97 | D        | Reached skill level 27 in Long Blades
    97 | D        | Reached skill level 27 in Maces & Flails
    97 | D        | Reached skill level 27 in Polearms
    97 | D        | Reached skill level 27 in Staves
    97 | D        | Killed a dread
    97 | D        | Killed a destroyer
    97 | D        | Killed a tyrant
    98 | D        | Reached skill level 27 in Conjurations
    98 | D        | Reached skill level 27 in Hexes
    98 | D        | Reached skill level 27 in Fire Magic
    98 | D        | Reached skill level 27 in Air Magic
    99 | D        | Killed an accursed
   101 | D        | Killed an accursed
   102 | D        | Noticed an accursed
   103 | D        | Noticed an accursed
   105 | D        | Noticed an accursed
   109 | D        | Killed an accursed
   111 | D        | Noticed a tyrant
   111 | D        | Noticed a meat beast
   111 | D        | Noticed a meat beast
   112 | D        | Killed an accursed
   115 | D        | Killed a meat beast
   115 | D        | Killed an accursed
   116 | D        | Killed a meat beast
   117 | D        | Noticed a dread
   120 | D        | Noticed a fleshlord
   123 | D        | Noticed a fleshlord
   125 | D        | Killed a fleshlord
   126 | D        | Killed a fleshlord
   126 | D        | Noticed a fleshlord
   128 | D        | Killed a dread
   129 | D        | Noticed a destroyer
   129 | D        | Noticed a meat beast
   130 | D        | Noticed a destroyer
   130 | D        | Noticed a fleshlord
   131 | D        | Killed a destroyer
   131 | D        | Killed a destroyer
   132 | D        | Noticed a destroyer
   132 | D        | Noticed a destroyer
   132 | D        | Killed a fleshlord
   132 | D        | Killed a meat beast
   132 | D        | Noticed a destroyer
   133 | D        | Killed a fleshlord
   135 | D        | Killed a destroyer
   135 | D        | Killed a destroyer
   135 | D        | Noticed a dread
   136 | D        | Noticed a fleshlord
   136 | D        | Noticed a fleshlord
   138 | D        | Killed a destroyer
   139 | D        | Killed a tyrant
   139 | D        | Noticed a tyrant
   140 | D        | Noticed a destroyer
   140 | D        | Noticed a dread
   140 | D        | Killed a fleshlord
   140 | D        | Noticed The Meatlord
   143 | D        | Killed a dread
   144 | D        | Killed a fleshlord
   144 | D        | Killed a dread
   144 | D        | Noticed a fleshlord
   146 | D        | Noticed a tyrant
   147 | D        | Killed The Meatlord
   147 | D        | Killed a destroyer
   148 | D        | Killed a fleshlord
   149 | D        | Got the Orb of Zot
   149 | D        | Noticed a large bag of meat
   149 | D        | Noticed a meat beast
   150 | D        | Noticed a fleshlord
   150 | D        | Noticed a fleshlord
   150 | D        | Noticed a fleshlord
   150 | D        | Noticed a destroyer
   150 | D        | Noticed a meat beast
   150 | D        | Noticed a destroyer
   150 | D        | Noticed a fleshlord
   151 | D        | Noticed a dread
   151 | D        | Noticed a fleshlord
   151 | D        | Noticed a fleshlord
   152 | D        | Noticed a fleshlord
   152 | D        | Escaped with the Orb!

Illustrated notes

Levels and vault maps discovered:
D:        meatsprint

Skill      XL: |  1  2  3  4  5  6  7  8  9 10 11 12 13 14 15 16 17 18 19 20 21 22 23 24 25 26 27 |
---------------+----------------------------------------------------------------------------------+-----
Fighting       | 3 11 17 19 21 24 27 | 27.0
Axes           | 4 7 14 16 18 22 25 27 | 27.0
Dodging        | 3 10 15 17 19 22 25 27 | 27.0
Spellcasting   | 2 7 10 18 27 | 27.0
Summonings     | 7 8 10 11 12 13 20 26 27 | 27.0
Transmutations | 23 27 | 27.0
Evocations     | 7 9 11 12 13 14 21 26 27 | 27.0
Invocations    | 10 18 20 21 25 27 | 27.0
Armour         | 2 3 4 5 12 16 27 | 27.0
Short Blades   | 8 10 11 14 16 27 | 27.0
Long Blades    | 7 9 10 13 15 27 | 27.0
Maces & Flails | 7 9 10 13 15 27 | 27.0
Polearms       | 7 9 10 13 15 27 | 27.0
Staves         | 7 9 10 13 15 27 | 27.0
Slings         | 7 9 10 13 15 27 | 27.0
Bows           | 8 10 11 14 16 27 | 27.0
Crossbows      | 8 10 11 14 16 27 | 27.0
Throwing       | 8 10 11 14 16 27 | 27.0
Stealth        | 10 13 27 | 27.0
Shields        | 8 10 11 14 16 27 | 27.0
Unarmed Combat | 10 12 13 17 19 27 | 27.0
Conjurations   | 7 9 10 13 15 27 | 27.0
Hexes          | 7 9 10 13 15 27 | 27.0
Necromancy     | 9 11 12 15 18 27 | 27.0
Translocations | 8 10 11 14 16 27 | 27.0
Fire Magic     | 7 9 10 13 15 27 | 27.0
Ice Magic      | 10 12 13 17 19 27 | 27.0
Air Magic      | 7 9 10 13 15 27 | 27.0
Earth Magic    | 10 12 13 17 19 27 | 27.0
Poison Magic   | 9 11 12 15 18 27 | 27.0

Action                   |  1- 3 |  4- 6 |  7- 9 | 10-12 | 13-15 | 16-18 | 19-21 | 22-24 | 25-27 || total
-------------------------+-------+-------+-------+-------+-------+-------+-------+-------+-------++-------
Melee: Executioner's axe |     1 |       |       |     2 |     3 |     7 |    13 |     8 |    63 ||    97
Invok: Greater Servant o |       |       |       |       |       |       |       |       |     3 ||     3
  Use: Scroll            |       |       |       |       |       |       |       |       |     1 ||     1
       Potion            |       |       |       |       |       |       |       |       |     1 ||     1
Armor: Leather armour    |       |       |       |       |       |       |       |       |     7 ||     7
Dodge: Dodged            |       |       |       |       |     2 |       |       |     2 |    10 ||    14
